 Dungeon Crawl Stone Soup version 0.21-a0-94-gdd6ab6a (webtiles) character file.

475 4thArraOfDagon the Insei (level 6, 0/44 HPs)
             Began as a Demonspawn Enchanter on July 2, 2017.
             Slain by a bullfrog skeleton (4 damage)
             ... on level 4 of the Dungeon.
             The game lasted 00:04:44 (1598 turns).

4thArraOfDagon the Insei (Demonspawn Enchanter)     Turns: 1598, Time: 00:04:45

Health: 0/44       AC:  3    Str:  8    XL:     6   Next: 84%
Magic:  2/9        EV: 13    Int: 18    God:
Gold:   31         SH:  0    Dex: 16    Spells: 8/9 levels left

rFire    . . .     SeeInvis .     - Unarmed
rCold    . . .     Gourm    .   (no shield)
rNeg     . . .     Faith    .   b - +0 robe
rPois    +         Spirit   .   h - +0 helmet
rElec    .         Reflect  .   (no cloak)
rCorr    .         Harm     .   (no gloves)
MR       .....                  g - +0 pair of boots
Stlth    +++.......             (no amulet)
HPRegen  0.14/turn              f - ring of flight
MPRegen  0.11/turn              (no ring)

@: no status effects
A: thin skeletal structure 1, deformed body, poison resistance, spiny 1, rot
immunity, MP-powered wands
a: Evoke Flight


You were on level 4 of the Dungeon.
You were very hungry.

You visited 2 branches of the dungeon, and saw 8 of its levels.

You collected 31 gold pieces.

Inventory:

Hand Weapons
 a - a +1 dagger
Armour
 b - a +0 robe (worn)
 g - a +0 pair of boots (worn)
 h - a +0 helmet (worn)
Jewellery
 f - a ring of flight (left hand)
Wands
 i - a wand of confusion (29/48)
Scrolls
 e - a scroll of teleportation {unknown}
Books
 c - a book of Maledictions

   Spells                             Type                      Level
   a - Corona                         Hexes                        1
   b - Ensorcelled Hibernation        Hexes/Ice                    2
   c - Confuse                        Hexes                        3
   d - Tukima's Dance                 Hexes                        3
   e - Dazzling Spray                 Conjuration/Hexes            3
Comestibles
 d - 2 bread rations


   Skills:
 + Level 1.9 Fighting
 - Level 0.8 Short Blades
 - Level 2.5 Dodging
 - Level 2.6 Stealth
 * Level 5.8 Unarmed Combat
 - Level 2.0 Spellcasting
 - Level 3.0 Hexes


You had 8 spell levels left.
You knew the following spells:

 Your Spells              Type           Power        Failure   Level  Hunger
a - Corona                Hex            ##.....      5%          1    #......


Dungeon Overview and Level Annotations

Branches:
Dungeon (7/15)             Temple (1/1) D:5

Altars:
Cheibriados
Elyvilon
Fedhas
Gozag
Okawaru
Qazlal
Ru
Sif Muna
Trog
Uskayaw
Vehumet
Yredelemnul
Zin

Annotations:
D:5 Blork the orc


Innate Abilities, Weirdness & Mutations

You have a somewhat thin skeletal structure. (Dex +2, Stealth)
You are partially covered in sharp spines.
You are immune to rotting.
Armour fits poorly on your strangely shaped body.
Your system is resistant to poisons. (rPois)
You expend magic power (3 MP) to strengthen your wands.


Message History

You barely miss the bullfrog skeleton.
The bullfrog skeleton is moderately damaged.
The bullfrog skeleton is struck by your spines.
The bullfrog skeleton hits you.
* * * LOW HITPOINT WARNING * * *
You hit the bullfrog skeleton.
The bullfrog skeleton is heavily damaged.
The bullfrog skeleton completely misses you.
The bullfrog skeleton hits you.
* * * LOW HITPOINT WARNING * * *
You hit the bullfrog skeleton but do no damage.
You punch the bullfrog skeleton.
The bullfrog skeleton is heavily damaged.
The bullfrog skeleton is struck by your spines.
The bullfrog skeleton barely misses you.
You hit the bullfrog skeleton.
The bullfrog skeleton is severely damaged.
The bullfrog skeleton is struck by your spines.
The bullfrog skeleton hits you.
You die...

##. #.....# ...#
##....# ....#
###.#Z.## .....
#####...#.a#
#....##......###.##
#.......###..###..#
.......## ##..###.#
.##....## #..###Z#
#..#..## #..##@##
#.###..###..####
##.####..##...#
#.............#
##........####.#
>..######.# #.##
....## #.# ##..####
.....## #.###......#
......###.##..####...#


You could see a bullfrog skeleton.

Vanquished Creatures
  A hungry ghost (D:7)
  An ice beast (D:7)
  A crimson imp (D:5)
  2 jellies
  2 iguanas (D:4)
  2 bullfrog skeletons
  2 worker ants
  A leopard gecko (D:6)
  A quokka (D:2)
  A frilled lizard (D:4)
  A quokka skeleton (D:5)
  A rat (D:1)
16 creatures vanquished.

Notes
Turn   | Place    | Note
-------+----------+-------------------------------------------
     0 | D:1      | 4thArraOfDagon the Demonspawn Enchanter began the quest for the Orb.
     0 | D:1      | Reached XP level 1. HP: 13/13 MP: 3/3
   357 | D:5      | Entered Level 5 of the Dungeon
   391 | D:5      | Noticed a worker ant
   671 | D:6      | Found an iron altar of Okawaru.
   695 | D:6      | Noticed an orc warrior
   696 | D:6      | Noticed a sky beast
   733 | D:7      | Noticed a jelly
   866 | D:7      | Reached skill level 1 in Unarmed Combat
   866 | D:7      | Gained mutation: You have a somewhat thin skeletal structure. (Dex +2, Stealth) [demonic ancestry]
   866 | D:7      | Reached XP level 2. HP: 6/19 MP: 3/5
   866 | D:7      | Reached XP level 3. HP: 8/24 MP: 3/6
   880 | D:7      | Reached skill level 2 in Unarmed Combat
   883 | D:7      | Noticed an ice beast
   905 | D:7      | Noticed a hungry ghost
   911 | D:7      | Killed an ice beast
   911 | D:7      | Reached skill level 3 in Unarmed Combat
   911 | D:7      | Gained mutation: You are partially covered in sharp spines. [demonic ancestry]
   911 | D:7      | Reached XP level 4. HP: 30/30 MP: 5/7
   911 | D:7      | Reached XP level 5. HP: 35/35 MP: 5/8
   918 | D:7      | Killed a hungry ghost
   918 | D:7      | Reached skill level 5 in Unarmed Combat
   918 | D:7      | Gained mutation: You are immune to rotting. [demonic ancestry]
   918 | D:7      | Reached XP level 6. HP: 37/41 MP: 6/9
  1000 | D:5      | Found a white marble altar of Elyvilon.
  1040 | D:5      | Reached skill level 1 in Fighting
  1072 | D:5      | Noticed Blork the orc
  1083 | D:5      | Found an opulent altar of Gozag.
  1089 | D:5      | Found a staircase to the Ecumenical Temple.
  1109 | Temple   | Entered the Ecumenical Temple
  1283 | D:4      | Gained mutation: Armour fits poorly on your strangely shaped body. [potion of mutation]
  1283 | D:4      | Gained mutation: You expend magic power (3 MP) to strengthen your wands. [potion of mutation]
  1283 | D:4      | Gained mutation: Your system is resistant to poisons. (rPois) [potion of mutation]
  1598 | D:4      | Slain by a bullfrog skeleton

Vault maps used:
D:1:      ncdulo_lavacross, st_stairs_13, tso_altar
D:2:      minmay_vboxes
D:3:      gammafunk_temple_overflow_forgotten, minmay_misc_feat_five,
          uniq_grinder, uniq_ijyb
D:4:      lemuel_coloured_pillars_altar, minmay_overflow_temple_star_quad,
          first_bread, trog_book
D:5:      overflow_temple_1_default, elyvilon_altar_1,
          minmay_temple_entry_statues, basic_altar, uniq_blork_the_orc
D:6:      wad_lake_hut, okawaru_trees_2
D:7:      uniq_pikel
Temple:   eino_wide_crystal_templ

Skill      XL: |  1  2  3  4  5  6 |
---------------+-------------------+-----
Dodging        | 2 |  2.5
Unarmed Combat | 1 3 5 |  5.8
Fighting       | 1 |  1.9
Short Blades   | |  0.8
Stealth        | |  2.6
Spellcasting   | |  2.0
Hexes          | |  3.0

Action                   |  1- 3 |  4- 6 || total
-------------------------+-------+-------++-------
Melee: Dagger            |    40 |       ||    40
       Unarmed           |       |    54 ||    54
       Punch             |       |     3 ||     3
 Cast: Corona            |     3 |       ||     3
Evoke: Wand              |       |     6 ||     6
  Use: Potion            |     3 |     2 ||     5
       Scroll            |     1 |     1 ||     2
 Stab: Sleeping          |     2 |     2 ||     4
       Confused          |       |     2 ||     2
  Eat: Chunk             |       |     2 ||     2
Armor: Robe              |     4 |     3 ||     7
Dodge: Dodged            |    24 |    28 ||    52
